Map: Efflorescence LE

Players

qqq

  • Race: Protoss Protoss
  • Spawn Location: 6:00

Massa

  • Race: Terran Terran
  • League: Platinum
  • Spawn Location: 9:00

RerunNoNaga - Winner!

  • Race: Terran Terran
  • Spawn Location: 3:00

Warlord - Winner!

  • Race: Protoss Protoss
  • League: Silver
  • Spawn Location: 12:00

VOD

Have the link to the VOD?

Description

Time

  • Played on: Oct. 29, 2020, 5:16 p.m.
  • Length: 8:02
Show
View Real Time Build Order
Export as new Build Order

qqq Protoss 

Build Orders:  

Get SALT Encoding   

  12  0:01  Probe  
  13  0:15  Pylon  
  13  0:19  Probe  
  14  0:31  Probe  
  14  0:34  Pylon  
  15  0:47  Forge  
  15  1:14  Probe  
  16  1:26  Probe  
  16  1:29  Pylon  
  16  1:30  Pylon  
  17  1:36  Pylon  
  16  2:00  Probe  
  17  2:10  Photon Cannon  
  17  2:12  Probe  
  18  2:17  Photon Cannon  
  18  2:19  Pylon  
  18  2:21  Pylon, Photon Cannon  
  18  2:23  Pylon  
  18  2:26  Probe  
  19  2:38  Probe  
  19  2:43  Photon Cannon  
  18  2:55  Gateway  
  18  2:58  Probe  
  18  3:10  Probe  
  18  3:22  Photon Cannon, Probe  
  19  3:34  Probe  
  19  3:40  Assimilator  
  20  3:49  Cybernetics Core  
  20  4:00  Photon Cannon  
  20  4:04  Probe  
  20  4:09  Assimilator  
  21  4:16  Probe  
  22  4:28  Probe  
  23  4:42  Probe  
  24  4:49  Nexus  
  24  4:54  Probe  
  24  4:56  Stargate  
  25  5:13  Probe  
  26  5:21  Stargate  
  26  5:25  Probe  
  27  5:38  Probe  
  27  5:41  Phoenix  
  30  5:50  Probe  
  31  6:01  Void Ray  
  31  6:03  Probe (Chrono Boost)  
  33  6:08  Probe (Chrono Boost)  
  37  6:13  Probe (Chrono Boost)  
  37  6:16  Probe (Chrono Boost)  
  37  6:18  Assimilator, Probe (Chrono Boost)  
  39  6:23  Assimilator  
  40  6:27  Probe  
  40  6:29  Void Ray (Chrono Boost), Probe  
  46  6:41  Probe  
  47  6:53  Probe  
  39  7:05  Probe  
  24  7:10  Pylon  
  20  7:18  Probe  
  21  7:30  Probe  
  21  7:32  Nexus  
  21  7:42  Probe  
  22  7:46  Forge  
  22  7:49  Gateway  
Show
View Real Time Build Order
Export as new Build Order

Massa Terran 

Build Orders:  

Get SALT Encoding   

  12  0:00  SCV  
  13  0:13  SCV  
  14  0:18  Supply Depot  
  14  0:25  SCV  
  15  0:39  SCV  
  15  0:41  Barracks  
  16  0:49  Refinery  
  16  0:51  SCV  
  17  1:04  SCV  
  18  1:09  Supply Depot  
  18  1:16  SCV  
  19  1:28  Marine  
  20  1:33  Orbital Command  
  20  1:49  Marine  
  21  1:55  Command Center  
  21  2:03  SCV  
  22  2:09  Barracks Reactor  
  22  2:15  Factory  
  22  2:17  SCV  
  23  2:28  Supply Depot  
  23  2:33  SCV  
  24  2:41  Engineering Bay  
  24  2:46  Marine  
  24  2:47  Marine  
  26  2:58  Factory Reactor  
  26  3:01  Refinery  
  26  3:04  Marine  
  27  3:05  Starport  
  27  3:10  Marine  
  28  3:14  Orbital Command  
  28  3:18  SCV  
  29  3:22  Marine  
  30  3:28  Marine  
  30  3:32  SCV  
  32  3:39  Missile Turret  
  32  3:40  Marine  
  33  3:42  Medivac  
  33  3:45  Marine, SCV  
  33  3:47  Missile Turret  
  37  3:50  SCV  
  38  3:58  Marine, Hellion  
  41  4:03  Marine  
  41  4:07  Hellion  
  44  4:12  Medivac  
  44  4:14  SCV x2  
  44  4:15  Marine  
  49  4:20  Hellion  
  49  4:21  Marine  
  52  4:28  Hellion  
  54  4:33  Supply Depot  
  54  4:39  Supply Depot  
  54  4:48  Barracks  
  54  4:55  Marine, SCV x2  
  57  5:01  Missile Turret  
  57  5:04  Widow Mine x2  
  57  5:05  Marine  
  62  5:07  SCV x2  
  62  5:10  Liberator  
  67  5:19  SCV  
  68  5:26  Widow Mine  
  70  5:37  Widow Mine  
  56  5:53  Medivac, Marine x2, Widow Mine  
  56  5:54  Barracks Tech Lab  
  62  5:58  Terran Infantry Armor Level 1, Widow Mine  
  62  6:03  SCV x2  
  66  6:04  Barracks  
  66  6:07  Barracks  
  66  6:10  Marine  
  66  6:11  Marine, Barracks  
  68  6:15  SCV x2  
  68  6:17  Supply Depot  
  70  6:19  Supply Depot  
  70  6:34  SCV x2  
  66  6:46  SCV  
  67  6:48  Marine, Marauder  
  67  6:49  Marine  
  67  7:06  Marine  
  67  7:07  Marine  
  60  7:10  Marine, Marauder  
  60  7:11  Marine  
  64  7:24  Marine x2  
  64  7:25  Barracks Reactor  
  64  7:28  Marine x2  
  68  7:31  Marauder  
  68  7:35  Barracks  
  65  7:40  Factory Tech Lab  
Show
View Real Time Build Order
Export as new Build Order

RerunNoNaga Terran - Winner!

Build Orders:  

Get SALT Encoding   

  12  0:00  SCV  
  13  0:12  SCV  
  14  0:18  Supply Depot  
  14  0:24  SCV  
  15  0:29  Refinery  
  15  0:39  SCV  
  16  0:46  Barracks  
  16  0:52  SCV  
  17  1:05  SCV  
  18  1:17  SCV  
  19  1:29  SCV  
  20  1:40  Reaper  
  20  1:42  Orbital Command  
  21  1:52  Command Center  
  21  2:04  Factory  
  22  2:08  SCV  
  22  2:15  Supply Depot  
  22  2:16  Barracks Reactor  
  22  2:29  Refinery  
  22  2:54  Marine x2, SCV  
  22  2:57  Starport  
  25  2:59  Factory Tech Lab  
  24  3:16  SCV  
  24  3:17  Marine x2  
  24  3:18  Siege Tank  
  30  3:25  SCV  
  31  3:40  Barracks x2  
  31  3:41  Supply Depot  
  31  3:43  Marine x2, Supply Depot  
  31  3:45  Starport Reactor  
  31  3:48  Orbital Command  
  33  3:49  Barracks  
  33  3:50  SCV  
  33  3:54  Engineering Bay  
  34  3:56  Siege Tank  
  34  3:57  Engineering Bay  
  34  4:01  Marine x2  
  34  4:02  SCV  
  40  4:14  SCV  
  40  4:15  SCV  
  42  4:19  Marine x2  
  42  4:22  Medivac  
  42  4:23  Medivac  
  48  4:26  SCV  
  48  4:27  Barracks Tech Lab  
  48  4:28  Siege Tank  
  48  4:29  Barracks Tech Lab  
  52  4:31  Terran Infantry Armor Level 1, Terran Infantry Weapons Level 1  
  52  4:35  Armory  
  52  4:37  Marine x2  
  54  4:39  Barracks Reactor  
  54  4:48  Marauder  
  54  4:49  Combat Shield, Stimpack, Marauder  
  58  4:55  Marine x2  
  60  5:02  Refinery  
  60  5:03  Refinery, Supply Depot  
  60  5:04  Supply Depot  
  60  5:09  Marine  
  60  5:10  Marine  
  62  5:25  Marine x4, Siege Tank  
  62  5:27  Marine, Supply Depot x2  
  55  5:47  Marine x2, Marauder x2  
  55  5:48  Marine x2  
  55  5:49  Medivac  
  65  5:54  SCV  
  65  5:55  SCV  
  67  5:57  Siege Tank  
  70  6:05  Marine x3  
  70  6:07  SCV x2  
  75  6:13  Marine  
  75  6:14  Marine x2  
  74  6:54  Marine x3  
  74  7:00  Marine  
  74  7:01  Marine x2  
  74  7:12  Marine x3  
  75  7:18  Marine  
  75  7:19  Marine  
  72  7:39  Marine x3  
Show
View Real Time Build Order
Export as new Build Order

Warlord Protoss - Winner!

Build Orders:  

Get SALT Encoding   

  12  0:01  Probe  
  13  0:13  Probe  
  14  0:20  Pylon  
  14  0:25  Probe  
  15  0:38  Probe  
  16  0:48  Gateway  
  16  0:51  Probe  
  16  0:57  Pylon  
  17  1:03  Assimilator, Probe  
  18  1:07  Assimilator  
  18  1:20  Forge  
  18  1:28  Probe  
  19  1:41  Probe  
  20  1:51  Cybernetics Core  
  20  1:53  Probe  
  21  2:05  Probe  
Tags
 
Add a new tag
Caveats
  • Supply blocks, unpowered buildings, or Contaminate may cause inaccurate times.
  • Supply counts are checked every 10 seconds.